 Dungeon Crawl Stone Soup version 0.29-a0-251-g80730f7218 (console) character file.

Game seed: 3599071361939919437

1334 Gather the Magician (level 8, 0/61 HPs)
             Began as a Mummy Necromancer on Mar 5, 2022.
             Slain by a hound zombie (4 damage)
             ... on level 5 of the Dungeon.
             The game lasted 00:27:45 (7083 turns).

Gather the Magician (Mummy Necromancer)             Turns: 7083, Time: 00:27:46

Health: 0/61       AC:  3    Str: 11    XL:     8   Next: 35%
Magic:  17/17      EV: 11    Int: 16    God:
Gold:   172        SH:  0    Dex: 13    Spells: 10/19 levels left

rFire   x . .      SeeInvis .   m - +1 trident
rCold   + + .      Faith    .   (no shield)
rNeg    + + +      Spirit   .   n - +0 leather armour {Will+}
rPois   ∞          Reflect  .   (no helmet)
rElec   .          Harm     .   f - scarf {shadows}
rCorr   .          Rampage  .   (no gloves)
Will    ++...                   (no boots)
Stlth   ++........              (no amulet)
HPRegen 0.20/turn               h - ring of protection from cold
MPRegen 0.15/turn               (no ring)

@: no status effects
A: cold resistance 1, negative energy resistance 3, torment resistance 2, heat
vulnerability 1, in touch with death 1, no potions
a: no special abilities


You were on level 5 of the Dungeon.
You visited 1 branch of the dungeon, and saw 5 of its levels.

You collected 172 gold pieces.

Inventory:

Hand Weapons
 e - a +0 dagger
 i - a +0 club
 j - a +1 dagger of freezing
 l - a +0 short sword
 m - a +1 trident (weapon)
 o - a +0 hunting sling
 q - a +3 short sword
Missiles
 c - 194 stones (quivered)
Armour
 a - a +0 robe
 d - a +0 chain mail
 f - a scarf of shadows (worn)
 g - a +0 leather armour
 n - a +0 leather armour of willpower (worn)
 r - a +0 buckler
Jewellery
 h - a ring of protection from cold (left hand)
Wands
 p - a wand of iceblast (2)
 u - a wand of digging (3)
Scrolls
 b - a scroll of magic mapping
 s - a scroll of silence
 v - a scroll of identify


   Skills:
 + Level 4.4 Fighting
 + Level 3.2 Polearms
 + Level 2.1 Armour
 - Level 1.7 Dodging
 - Level 1.7 Stealth
 + Level 1.8 Shields
 + Level 6.4 Spellcasting
 + Level 6.2 Necromancy


You had 10 spell levels left.
You knew the following spells:

 Your Spells              Type           Power      Damage    Failure   Level
a - Vampiric Draining     Necr           37%        2d8       4%          3
b - Pain                  Necr           100%       1d9       1%          1
d - Animate Dead          Necr           18%        N/A       13%         4
s - Animate Skeleton      Necr           74%        N/A       1%          1

Your spell library contained the following spells:

 Spells                   Type           Power      Damage    Failure   Level
 Agony                    Necr           37%        N/A       36%         5
 Dazzling Flash           Conj/Hex       10%        N/A       45%         3
 Iskenderun's Mystic Bla  Conj/Tloc      5%         2d3       86%         4
 Starburst                Conj/Fire      2%         6d3       100%        6
 Summon Hydra             Summ           2%         N/A       100%        7
 Sublimation of Blood     Necr           Unusable   N/A       N/A         2
 Wereblood                Tmut           Unusable   N/A       N/A         2

Dungeon Overview and Level Annotations

Branches:
Dungeon (5/15)
 Temple: D:4-7

Altars:


Innate Abilities, Weirdness & Mutations

You are immune to poison.
Your flesh is cold resistant. (rC+)
You are immune to negative energy. (rN+++)
You are immune to unholy pain and torment.
You are vulnerable to heat. (rF-)
You are in touch with the powers of death.
You do not drink.


Message History

The killer bee zombie is moderately damaged.
The killer bee zombie hits you. x2
You closely miss the killer bee zombie.
Your punch misses the killer bee zombie.
The killer bee zombie is moderately damaged.
The killer bee zombie closely misses you.
Something you can't see is in the way.
You miss something. Something hits you. Something shocks you.
You are too injured to fight recklessly!
Aiming: Iceblast
Press: ? - help, Shift-Dir - straight line, f/p - killer bee zombie
Aim: a killer bee zombie (moderately damaged)
The mass of ice explodes!
The iceblast engulfs something!
The iceblast engulfs you. You partially resist.
The iceblast engulfs the centaur zombie!
The centaur zombie partially resists.
The centaur zombie is moderately damaged.
The iceblast engulfs the killer bee zombie.
The killer bee zombie partially resists.
The killer bee zombie is heavily damaged.
Something hits you. Something shocks you.
* * * LOW HITPOINT WARNING * * *
Aiming: Iceblast
Press: ? - help, Shift-Dir - straight line, f/p - killer bee zombie
Aim: a killer bee zombie (heavily damaged)
The mass of ice explodes!
The iceblast engulfs something!
The iceblast engulfs you! You partially resist.
* * * LOW HITPOINT WARNING * * *
The iceblast engulfs the centaur zombie!
The centaur zombie partially resists.
The centaur zombie is severely damaged.
The iceblast engulfs the killer bee zombie.
The killer bee zombie partially resists.
The killer bee zombie is almost destroyed.
Something hits you but does no damage.
Blink to where?
Press: ? - help, Dir - move target, p - killer bee zombie
As you read the scroll of blinking, it crumbles to dust.
As you read the scroll labelled BYXTON TATOWN, it crumbles to dust.
You assume a fearsome visage.
The hound zombie is unaffected.
It was a scroll of fear.
A sky beast appears from thin air!
Reactivating autopickup.
The hound zombie bites you.
You die...

##############.#
#.......#.......
+.......#...!...
#.Y.....#.......
#.####..........
#.####........##..
#..ZZ...Z......... ####
#.......@.........###....
#.......#.............!..
8#####.#######........Z.......
...........# #.......Z.....#
...........# #...#### ##.#####
...........# #...# #.......
...........# ...# #..#####
..........## .######...####
..........# ..............
###....)..# #######.#.#...
#.......# ##........#.....


You could see a hound zombie, a killer bee zombie and a centaur zombie.

Vanquished Creatures
  Eustachio (D:5)
  A sky beast (D:5)
  2 black bears (D:5)
  An ogre (D:5)
  A necrophage (D:5)
  3 scorpions
  A howler monkey (D:3)
  3 bullfrog zombies (D:5)
  2 centaur zombies (D:5)
  2 hounds
  A jelly (D:4)
  A bullfrog skeleton (D:5)
  Jessica (D:2)
  An iguana (D:4)
  Ijyb (D:5)
  A hound zombie (D:5)
  Robin (D:4)
  7 adders
  2 shadow imps (D:5)
  An ufetubus (D:4)
  2 worms
  A dart slug (D:1)
  5 bats
  4 endoplasms
  5 giant cockroaches
  20 goblins
  10 hobgoblins
  2 jackals (D:2)
  4 quokkas
  4 ball pythons
  4 frilled lizards
  10 kobolds
  7 rats
112 creatures vanquished.

Vanquished Creatures (others)
  A withered plant (D:5)
1 creature vanquished.

Grand Total: 113 creatures vanquished

Notes
Turn   | Place    | Note
-------+----------+-------------------------------------------
     0 | D:1      | Gather the Mummy Necromancer began the quest for the Orb.
     0 | D:1      | Reached XP level 1. HP: 13/13 MP: 4/4
     2 | D:1      | Learned a level 1 spell: Animate Skeleton
   154 | D:1      | Reached XP level 2. HP: 14/19 MP: 0/6
   840 | D:1      | Reached skill level 1 in Fighting
  1004 | D:1      | Gained mutation: You are in touch with the powers of death.
                  | [Mummy growth]
  1004 | D:1      | Reached XP level 3. HP: 24/26 MP: 3/7
  1008 | D:1      | Learned a level 3 spell: Vampiric Draining
  1553 | D:2      | Found a faded altar of an unknown god.
  1568 | D:2      | Noticed Jessica
  1575 | D:2      | Killed Jessica
  1693 | D:2      | Reached XP level 4. HP: 32/32 MP: 3/9
  1698 | D:2      | Learned a level 4 spell: Animate Dead
  2978 | D:3      | Reached XP level 5. HP: 26/38 MP: 11/11
  3627 | D:4      | Reached skill level 1 in Polearms
  3627 | D:4      | Reached skill level 5 in Necromancy
  3659 | D:4      | Noticed Robin
  3851 | D:3      | Reached XP level 6. HP: 46/46 MP: 13/13
  4134 | D:4      | Killed Robin
  4537 | D:5      | Entered Level 5 of the Dungeon
  4602 | D:4      | Reached skill level 5 in Spellcasting
  4744 | D:5      | Noticed Eustachio
  5241 | D:5      | Reached XP level 7. HP: 49/52 MP: 6/15
  5482 | D:5      | Killed Eustachio
  5575 | D:5      | Reached skill level 1 in Armour
  5731 | D:5      | Noticed Ijyb
  5736 | D:5      | Killed Ijyb
  6217 | D:5      | Reached skill level 1 in Shields
  6421 | D:5      | Reached XP level 8. HP: 43/60 MP: 10/17
  7077 | D:5      | HP: 2/61 [shot self (12)]
  7083 | D:5      | Slain by a hound zombie

Illustrated notes

Levels and vault maps discovered:
D:1:      mushboom_english_gardens, layout_basic, minmay_split_cup_large
D:2:      layout_rooms, ebering_ecumenical_altar_abandoned, uniq_jessica
D:3:      layout_basic
D:4:      layout_rooms, uniq_robin
D:5:      layout_basic, serial_undead, serial_undead_c, serial_undead_e,
          serial_undead_c, serial_undead_b, serial_undead_a, serial_undead_c,
          serial_undead_a, uniq_eustachio, uniq_ijyb

Skill      XL: |  1  2  3  4  5  6  7  8 |
---------------+-------------------------+-----
Spellcasting   | 3 4 5 6 |  6.4
Fighting       | 1 2 3 4 |  4.4
Polearms       | 1 2 3 |  3.2
Necromancy     | 5 6 |  6.2
Armour         | 1 2 |  2.1
Shields        | 1 |  1.8
Dodging        | |  1.7
Stealth        | |  1.7

Action                   |  1- 3 |  4- 6 |  7- 9 || total
-------------------------+-------+-------+-------++-------
Melee: Unarmed           |    13 |       |       ||    13
       Dagger            |    36 |    17 |       ||    53
       Punch             |     2 |     1 |     2 ||     5
       Club              |     5 |       |       ||     5
       Trident           |       |   144 |   115 ||   259
Throw: Stone             |     3 |     2 |       ||     5
 Cast: Pain              |    32 |     1 |     1 ||    34
       Animate Skeleton  |     3 |       |       ||     3
       Vampiric Draining |     4 |    23 |    23 ||    50
Evoke: Wand              |       |       |     2 ||     2
  Use: Scroll            |       |     5 |     3 ||     8
 Stab: Sleeping          |     3 |     7 |       ||    10
Armor: Robe              |    15 |    30 |       ||    45
       Leather armour    |       |       |    22 ||    22
Dodge: Dodged            |    36 |   120 |    82 ||   238

Table legend: (Time is in decaauts)
 A = Elapsed time spent in this place.
 B = Non-inter-level travel time spent in this place.
 C = Inter-level travel time spent in this place.
 D = Time resting spent in this place.
 E = Time spent auto-exploring this place.
 F = Levels seen in this place.
 G = Mean time per level.
                   A        B        C        D        E       F      G
               +--------+--------+--------+--------+--------+-----+--------+
         Total |   7154 |   7021 |    133 |   1496 |   4116 |   5 | 1430.8 |
       Dungeon |   7154 |   7021 |    133 |   1496 |   4116 |   5 | 1430.8 |
               +--------+--------+--------+--------+--------+-----+--------+

Top non-repeatable levels by time:
     D:4: 1796 daAuts
     D:3: 1698 daAuts
     D:5: 1464 daAuts
     D:1: 1446 daAuts
     D:2: 748 daAuts
